 Dungeon Crawl Stone Soup version 0.30-a0-772-g5528072125 (webtiles) character file.

Game seed: 6293304217103567034

1659 Aneyh the Fighter (level 9, 0/55 (57) HPs)
             Began as a Tengu Monk on Feb 13, 2023.
             Was a Believer of Hepliaklqana.
             Slain by an orc
             ... wielding a +1 war axe of draining
              (2 damage)
             ... on level 7 of the Dungeon.
             The game lasted 00:10:36 (5108 turns).

Aneyh the Fighter (Tengu Monk)                      Turns: 5108, Time: 00:10:37

HP:   0/55 (57)     AC:  3    Str: 16    XL:     9   Next: 0%
MP:   10/10         EV: 16    Int: 10    God:    Hepliaklqana [**....]
Gold: 238           SH:  0    Dex: 17    Spells: 8/8 levels left

rFire   . . .      SeeInvis .    j - +2 mace (heavy)
rCold   . . .      Faith    .    (no shield)
rNeg    . . .      Spirit   .    b - +0 robe
rPois   .          Reflect  .    (helmet restricted)
rElec   .          Harm     .    w - +0 cloak
rCorr   .          Rampage  .    (no gloves)
Will    .....                    (boots unavailable)
Stlth   ++                       v - amulet of the acrobat
HPRegen 0.29/turn                (no ring)
MPRegen 0.12/turn                (no ring)

@: flying quickly and evasively, lightly drained, quick
A: reduced essence, beak, talons 3, nimble flight
a: Renounce Religion, Recall Ancestor, Ancestor Identity


You were on level 7 of the Dungeon.
You worshipped Hepliaklqana.
Hepliaklqana was pleased with you.
You visited 2 branches of the dungeon, and saw 8 of its levels.

You collected 238 gold pieces.

Inventory:

Hand Weapons
 a - a +0 spear
 d - a +2 dagger of electrocution
 e - a +0 war axe
 f - a +0 short sword of speed
 i - a +1 dagger of holy wrath
 j - a +2 heavy mace (weapon)
 n - a +0 flail of protection
 A - a +0 war axe
 B - a +0 trident
 K - a +3 spear
Missiles
 s - 21 poisoned darts (quivered)
 L - a throwing net
Armour
 b - a +0 robe (worn)
 w - a +0 cloak (worn)
Jewellery
 v - an amulet of the acrobat (around neck)
 E - a +5 ring of evasion
 I - a ring of magical power
Wands
 p - a wand of charming (4)
 C - a wand of acid (21)
Scrolls
 c - a scroll of magic mapping
 g - a scroll of silence {unknown}
 h - a scroll of teleportation
 k - 5 scrolls of identify {unknown}
 l - a scroll of acquirement {unknown}
 o - a scroll of immolation {unknown}
 q - 2 scrolls of fear {unknown}
 r - a scroll of enchant weapon {unknown}
 t - 2 scrolls of noise {unknown}
 u - 2 scrolls of brand weapon {unknown}
 x - a scroll of blinking {unknown}
 y - a scroll of poison {unknown}
 J - a scroll of vulnerability {unknown}
Potions
 z - a potion of berserk rage {unknown}
 D - a potion of magic {unknown}
 F - a potion of heal wounds {unknown}
 G - a potion of might {unknown}
 H - a potion of invisibility {unknown}
 M - a potion of mutation {unknown}


   Skills:
 + Level 11.5 Fighting
 - Level 3.2 Polearms
 - Level 3.2 Dodging
 - Level 2.0 Stealth


You had 8 spell levels left.
You didn't know any spells.
Your spell library contained the following spells:

 Spells                   Type           Power      Damage    Failure   Level
 Sandblast                Erth           0%         2d4       36%         1
 Slow                     Hex            0%         N/A       36%         1
 Lesser Beckoning         Tloc           0%         N/A       50%         2
 Passwall                 Tmut/Erth      0%         N/A       50%         2
 Confusing Touch          Hex            0%         N/A       75%         3
 Gell's Gravitas          Tloc           0%         N/A       75%         3
 Kindle Blastsparks       Fire/Tloc/Air  0%         2d10      75%         3
 Stone Arrow              Conj/Erth      0%         3d7       75%         3
 Teleport Other           Tloc           0%         N/A       75%         3
 Vampiric Draining        Necr           0%         2d6       75%         3
 Fulminant Prism          Conj/Hex       0%         3d5       98%         4
 Iskenderun's Mystic Bla  Conj/Tloc      0%         2d3       98%         4
 Lee's Rapid Deconstruct  Erth           0%         3d4*      100%        5


Dungeon Overview and Level Annotations

Branches:
Dungeon (7/15)             Temple (1/1) D:5

Altars:
Ashenzari
Cheibriados
Dithmenos
Elyvilon
Fedhas
Gozag
Hepliaklqana
Kikubaaqudgha
Makhleb
Okawaru
Qazlal
Trog
Uskayaw
Wu Jian
Yredelemnul

Shops:
D:7 **

Annotations:
D:4 Grinder
D:6 Prince Ribbit, Sigmund


Innate Abilities, Weirdness & Mutations

Your life essence is reduced to manifest your ancestor. (-10% HP)
You have a beak for a mouth.
You have claws for feet.
Your magical nature lets you fly swiftly and evasively.


Message History

The orc shouts!
The orc wizard shouts!
You hear a shout!
You hear an angry hiss.
The orc wizard casts a spell at you. The magic dart hits you.
* * * LOW HITPOINT WARNING * * *
An orc comes into view. It is wielding a +0 falchion.
Found a hide-covered altar of Uskayaw.
There is an open door here.
You reach down and close the door.
There is a hide-covered altar of Uskayaw here.
There is an open door here.
You reach down and close the door.
You start resting.
An orc wizard is nearby!
The orc wizard gestures at you while chanting.
You are confused.
You bump into the rock wall.
You bump into the rock wall.
You bump into the rock wall.
You feel less confused. The orc wizard casts a spell at you.
The puff of flame hits you!
* * * LOW HITPOINT WARNING * * *
You closely miss the orc wizard.
The orc wizard gestures at you while chanting.
The magic dart hits you.
* * * LOW HITPOINT WARNING * * *
The orc wizard closely misses you.
You miss the orc wizard. Your kick misses the orc wizard.
The orc wizard closely misses you. The orc wizard casts a spell at you.
You easily resist.
The orc misses you.
You barely miss the orc wizard. Your kick misses the orc wizard.
The orc wizard closely misses you. The orc misses you.
The orc wizard hits you with a +0 dagger.
* * * LOW HITPOINT WARNING * * *
The orc hits you with a +1 war axe of draining!
* * * LOW HITPOINT WARNING * * *
You feel drained.
You die...

######****###***
#....#*,,....,,*
#....##,.....,,*
#..o@.#......,,******
###o#........,,,,,,,,
#.#######.#*******,
#.# *,,,,,,**** #.#
*,,,**,,,,, #.#
***,*****,, #.#
*,,****,* #.#
##****....,,* #.#
#..,,,.....,*


You could see an orc wizard and an orc.

Vanquished Creatures
  Pikel (D:5)
  Eustachio (D:5)
  A lemure (D:5)
  A killer bee (D:7)
  A water moccasin skeleton (D:6)
  A hound (D:5)
  2 jellies (D:2)
  A centaur skeleton (D:6)
  A gnoll bouda (D:7)
  3 iguanas
  An orc wizard (D:3)
  Natasha (D:4)
  A killer bee zombie (D:6)
  A gnoll (D:6)
  2 adders (D:5)
  A shadow imp (D:6)
  An ufetubus (D:5)
  3 worms
  3 dart slugs (D:1)
  7 orcs
  6 ball pythons
  17 endoplasms
  3 giant cockroaches
  8 goblins
  7 hobgoblins
  5 quokkas
  7 bats
  2 frilled lizards (D:1)
  15 kobolds
  2 rats (D:3)
106 creatures vanquished.

Vanquished Creatures (collateral kills)
  A water moccasin (D:5)
  A hornet zombie (D:6)
  An ice beast (D:6)
  3 lemures (D:5)
  A necrophage (D:7)
  A water moccasin skeleton (D:6)
  A bullfrog zombie (D:6)
  2 bullfrog skeletons (D:6)
  Ijyb (D:5)
  2 gnolls
  2 adders (D:5)
  4 orcs
20 creatures vanquished.

Vanquished Creatures (others)
  3 battlemagi
  3 fungi (D:2)
  4 toadstools (D:2)
10 creatures vanquished.

Grand Total: 136 creatures vanquished

Notes
Turn   | Place    | Note
-------+----------+-------------------------------------------
     0 | D:1      | Aneyh the Tengu Monk began the quest for the Orb.
     0 | D:1      | Reached XP level 1. HP: 14/14 MP: 2/2
     6 | D:1      | Noticed a snapping turtle
     6 | D:1      | Noticed a water moccasin
     8 | D:1      | Noticed a lindwurm
     8 | D:1      | Noticed a swamp drake
    89 | D:1      | Reached XP level 2. HP: 19/19 MP: 3/3
   237 | D:1      | Reached skill level 4 in Fighting
   292 | D:1      | Reached XP level 3. HP: 19/24 MP: 4/4
   931 | D:2      | Reached skill level 5 in Fighting
   931 | D:2      | Reached XP level 4. HP: 11/31 MP: 5/5
  1025 | D:2      | Gained mutation: Your magical nature lets you fly swiftly
                  | and evasively. [Tengu growth]
  1025 | D:2      | Reached XP level 5. HP: 19/35 MP: 6/6
  1754 | D:3      | Reached skill level 6 in Fighting
  2434 | D:4      | Noticed Grinder
  2666 | D:4      | Reached XP level 6. HP: 42/42 MP: 7/7
  2748 | D:4      | Noticed Natasha
  2761 | D:4      | Killed Natasha
  2880 | D:4      | Found a bloodstained altar of Trog.
  2880 | D:4      | Found an ancient bone altar of Kikubaaqudgha.
  2880 | D:4      | Found a shadowy altar of Dithmenos.
  2881 | D:4      | Found a burning altar of Makhleb.
  2882 | D:4      | Found a white marble altar of Elyvilon.
  2882 | D:4      | Found a basalt altar of Yredelemnul.
  2882 | D:4      | Found a stormy altar of Qazlal.
  2959 | D:5      | Entered Level 5 of the Dungeon
  3197 | D:5      | Found a staircase to the Ecumenical Temple.
  3204 | Temple   | Entered the Ecumenical Temple
  3243 | Temple   | Became a worshipper of Hepliaklqana the Forgotten
  3243 | Temple   | Reached * piety under Hepliaklqana
  3243 | Temple   | Reached ** piety under Hepliaklqana
  3244 | Temple   | Remembered your ancestor Rodica as a battlemage
  3344 | D:5      | Noticed a water moccasin
  3350 | D:5      | Killed a water moccasin
  3351 | D:5      | Reached skill level 7 in Fighting
  3456 | D:5      | Noticed Pikel
  3526 | D:5      | Killed Pikel
  3527 | D:5      | Reached skill level 9 in Fighting
  3527 | D:5      | Reached XP level 7. HP: 14/45 MP: 8/8
  3874 | D:5      | Noticed Eustachio
  3882 | D:5      | Killed Eustachio
  3883 | D:5      | Reached XP level 8. HP: 38/51 MP: 9/9
  3885 | D:5      | Noticed Ijyb
  3933 | D:5      | Killed Ijyb
  4269 | D:6      | Reached skill level 10 in Fighting
  4489 | D:6      | Reached skill level 11 in Fighting
  4495 | D:6      | Noticed Prince Ribbit
  4554 | D:7      | Found Cenwa's General Store.
  4585 | D:7      | Noticed a yak
  4585 | D:7      | Noticed a yak
  4585 | D:7      | Noticed a yak
  4586 | D:7      | Found Latraug's Specific Store.
  4586 | D:7      | Noticed a yak
  4587 | D:7      | Noticed a yak
  4588 | D:7      | Noticed a yak
  4595 | D:6      | Noticed Sigmund
  5037 | D:7      | Reached XP level 9. HP: 10/57 MP: 10/10
  5057 | D:7      | Found a hide-covered altar of Uskayaw.
  5108 | D:7      | HP: 2/57 [orc/+1 war axe of draining (9)]
  5108 | D:7      | Slain by an orc

Illustrated notes

Levels and vault maps discovered:
D:1:      onia_arrival_zoo_common, layout_rooms
D:2:      cheibrodos_fertilizer, layout_basic
D:3:      layout_loops_corners
D:4:      layout_basic, grunt_temple_overflow_open, minivault_24,
          minmay_snake_closets, uniq_grinder, uniq_natasha
D:5:      layout_loops_cross, temple_statues, uniq_pikel, uniq_ijyb,
          uniq_eustachio
D:6:      layout_cave_pools, serial_undead, serial_undead_b, serial_undead_c,
          serial_undead_e, serial_undead_a, serial_undead_d, serial_undead_e,
          gammafunk_ghost_nasty_kobolds, minmay_microvault, uniq_prince_ribbit1,
          uniq_sigmund, uniq_crazy_yiuf_cottage
D:7:      layout_rooms, nemelex_spade_bored_becter, lemuel_doored_altar,
          nicolae_specific_store
Temple:   nicolae_temple_hex_pool

Skill      XL: |  1  2  3  4  5  6  7  8 |
---------------+-------------------------+-----
Fighting       | 4 5 6 9 11 | 11.5
Polearms       | |  3.2
Dodging        | |  3.2
Stealth        | |  2.0

Action                     |  1- 3 |  4- 6 |  7- 9 || total
---------------------------+-------+-------+-------++-------
  Melee: Spear             |    43 |       |       ||    43
         Kick              |    20 |    34 |    10 ||    64
         Peck              |    10 |    14 |     5 ||    29
         Mace              |    42 |   120 |    37 ||   199
  Throw: Dart              |     1 |     3 |     5 ||     9
 Invoke: Recall Ancestor   |       |     1 |     1 ||     2
         Ancestor Life: Ba |       |     1 |       ||     1
    Use: Potion            |     1 |     3 |     1 ||     5
         Scroll            |       |       |     2 ||     2
   Stab: Sleeping          |     6 |     9 |       ||    15
         Distracted        |       |       |     1 ||     1
 Armour: Robe              |    18 |    13 |     9 ||    40
  Dodge: Dodged            |    57 |   142 |    67 ||   266

Table legend: (Time is in decaauts)
 A = Elapsed time spent in this place.
 B = Non-inter-level travel time spent in this place.
 C = Inter-level travel time spent in this place.
 D = Time resting spent in this place.
 E = Time spent auto-exploring this place.
 F = Levels seen in this place.
 G = Mean time per level.
                   A        B        C        D        E       F      G
               +--------+--------+--------+--------+--------+-----+--------+
         Total |   5077 |   4957 |    120 |   1387 |   2210 |   8 |  634.6 |
       Dungeon |   5029 |   4919 |    110 |   1387 |   2191 |   7 |  718.4 |
        Temple |     47 |     38 |      9 |      0 |     18 |   1 |   47.0 |
               +--------+--------+--------+--------+--------+-----+--------+

Top non-repeatable levels by time:
     D:5: 1173 daAuts
     D:2: 1142 daAuts
     D:3: 902 daAuts
     D:4: 554 daAuts
     D:7: 549 daAuts
     D:1: 405 daAuts
     D:6: 302 daAuts
  Temple: 47 daAuts
